 Dungeon Crawl Stone Soup version 0.28-a0-845-gfc338a8e3c (webtiles) character file.

Game seed: 12624566360228986

49 mandarbmax the Skirmisher (level 3, 0/33 HPs)
             Began as a Minotaur Abyssal Knight on Nov 12, 2021.
             Was a Follower of Lugonu.
             Slain by an iguana (9 damage)
             ... on level 2 of the Dungeon.
             The game lasted 00:04:20 (1724 turns).

mandarbmax the Skirmisher (Minotaur Abyssal Knight) Turns: 1724, Time: 00:04:21

Health: 0/33       AC:  3    Str: 18    XL:     3   Next: 53%
Magic:  3/3        EV: 11    Int:  7    God:    Lugonu [*.....]
Gold:   57         SH:  0    Dex: 10    Spells: 2/2 levels left

rFire   . . .      SeeInvis .   a - +1 mace
rCold   . . .      Faith    .   (no shield)
rNeg    . . .      Spirit   .   b - +0 leather armour
rPois   .          Reflect  .   (helmet restricted)
rElec   .          Harm     .   (no cloak)
rCorr   .          Rampage  .   (no gloves)
Will    .....                   (no boots)
Stlth   +.........              (no amulet)
HPRegen 0.11/turn               (no ring)
MPRegen 0.08/turn               (no ring)

@: no status effects
A: horns 2, retaliatory headbutt
a: Renounce Religion, Depart the Abyss


You were on level 2 of the Dungeon.
You worshipped Lugonu.
Lugonu was aware of your devotion.
You visited 1 branch of the dungeon, and saw 2 of its levels.
You visited the Abyss 1 time.

You collected 57 gold pieces.

Inventory:

Hand Weapons
 a - a +1 mace (weapon)
Armour
 b - a +0 leather armour (worn)
Scrolls
 f - a scroll of identify
 g - a scroll of fear
Potions
 c - a potion of heal wounds
 d - a potion of mutation
 e - a potion of attraction


   Skills:
 - Level 4.0 Fighting
 + Level 3.6 Maces & Flails
 - Level 3.0 Armour
 - Level 2.0 Dodging
 - Level 2.0 Invocations


You had 2 spell levels left.
You didn't know any spells.
Your spell library contained the following spells:

 Spells                   Type           Power      Damage    Failure   Level
 Conjure Flame            Conj/Fire      0%         6-21      86%         3
 Ignite Poison            Fire/Tmut/Pois 0%         N/A       86%         3
 Sticky Flame             Conj/Fire      0%         2d3       99%         4


Dungeon Overview and Level Annotations

Branches:
Dungeon (2/15)

Altars:


Innate Abilities, Weirdness & Mutations

You have a pair of horns on your head.
You reflexively headbutt those who attack you in melee.


Message History

Done waiting.
An iguana comes into view.
The iguana hisses angrily.
You hear a shout!
You see here an adder skeleton.
An iguana is nearby!
An iguana is nearby!
An iguana is nearby!
Found a trident.
A hobgoblin comes into view.
The iguana bites you.
You closely miss the iguana. The iguana bites you.
You hit the iguana but do no damage. The iguana bites you!
You closely miss the iguana.
You headbutt the iguana, but do no damage.
The iguana bites you!
* * * LOW HITPOINT WARNING * * *
You are too injured to fight recklessly!
You are too injured to fight recklessly!
You are too injured to fight recklessly!
You are too injured to fight recklessly!
You are too injured to fight recklessly!
You are too injured to fight recklessly!
There are monsters nearby!
You see here a +0 whip.
Found an escape hatch in the ceiling.
You feel much better. The iguana bites you.
You hit the iguana but do no damage. Your headbutt misses the iguana.
The iguana bites you. x2
You barely miss the iguana. The iguana completely misses you.
You barely miss the iguana. Your headbutt misses the iguana.
The iguana bites you!
You hit the iguana but do no damage. The iguana closely misses you.
You furiously retaliate!
You headbutt the iguana, but do no damage.
You barely miss the iguana.
You headbutt the iguana, but do no damage.
The iguana bites you.
* * * LOW HITPOINT WARNING * * *
The iguana bites you!
You die...

######.#.........#
###......#......#
..#.##......)...#
#.#.##....÷.....###
#.#....÷..[.........
#.#÷##..............
#.#>.......g..#.$...#
#......#.##l#.......#
###.##.#.##@##......#
#..#.#....# ......
###.#.###### ....<
#...#.. ..## #...###
### .. #...'.####<#
#...#.##...#
#[..#.##.###
#####.##.#


You could see an iguana and a hobgoblin.

Vanquished Creatures
  2 adders (D:2)
  2 worms (D:2)
  A dart slug (D:2)
  4 endoplasms
  2 goblins
  A hobgoblin (D:2)
  6 quokkas
  A bat (D:1)
  2 frilled lizards
  A rat (D:1)
22 creatures vanquished.

Notes
Turn   | Place    | Note
-------+----------+-------------------------------------------
     0 | Abyss:1  | mandarbmax the Minotaur Abyssal Knight began the quest for
                  | the Orb.
     0 | Abyss:1  | Reached XP level 1. HP: 19/19 MP: 1/1
    41 | Abyss:1  | Noticed an ice beast
    42 | Abyss:1  | Noticed a tentacled starspawn
    53 | D:1      | Escaped the Abyss
   435 | D:1      | Reached * piety under Lugonu
   591 | D:1      | Reached XP level 2. HP: 19/26 MP: 2/2
  1172 | D:2      | Found a faded altar of an unknown god.
  1180 | D:2      | Reached skill level 4 in Fighting
  1259 | D:2      | Reached XP level 3. HP: 33/33 MP: 3/3
  1724 | D:2      | Slain by an iguana

Illustrated notes

Levels and vault maps discovered:
D:1:      ncdulo_wetmaze, layout_basic, hangedman_decor_peaks_small
D:2:      layout_basic, ebering_ecumenical_altar_mist

Skill      XL: |  1  2  3 |
---------------+----------+-----
Invocations    | 2 |  2.0
Armour         | 3 |  3.0
Maces & Flails | 3 |  3.6
Fighting       | 4 |  4.0
Dodging        | 2 |  2.0

Action                   || total
-------------------------++-------
Melee: Mace              ||    57
       Headbutt          ||     9
Invok: Depart the Abyss  ||     1
  Use: Scroll            ||     4
       Potion            ||     1
Armor: Leather armour    ||    11
Dodge: Dodged            ||    26

Table legend: (Time is in decaauts)
 A = Elapsed time spent in this place.
 B = Non-inter-level travel time spent in this place.
 C = Inter-level travel time spent in this place.
 D = Time resting spent in this place.
 E = Time spent auto-exploring this place.
 F = Levels seen in this place.
 G = Mean time per level.
                   A        B        C        D        E       F      G
               +--------+--------+--------+--------+--------+-----+--------+
         Total |   1741 |   1724 |     17 |    329 |   1172 |   3 |  580.3 |
       Dungeon |   1688 |   1671 |     17 |    329 |   1159 |   2 |  844.0 |
         Abyss |     53 |     53 |      0 |      0 |     13 |   1 |   53.0 |
               +--------+--------+--------+--------+--------+-----+--------+

Top non-repeatable levels by time:
     D:1: 947 daAuts
     D:2: 740 daAuts
 Abyss:1: 53 daAuts
